AoeStats
← nhuksemaj70

Arabia

509308834Analyzed
1v1 RM · 4d ago on Sep 26, 2026· 84m 7s· 2 players
Game mode
Random Map
Map size
Tiny (2 player)
Population
200
Speed
Normal
Resources
Standard
Victory
Conquest
Starting age
Dark Age
Ending age
Imperial Age
RankedLock teamsTeams togetherTeam positionsShared explorationLock speedFull tech treeHidden civsTurbo modeCheats
Victory
Defeat
🇺🇸 Bulgarians · United States
471
+22
🇦🇷 Inca · Argentina
608
-22
nhuksemaj70
5:55 Loom
11:10 Feudal Age
12:32 Wheelbarrow
12:36 Double-Bit Axe
16:49 Scale Mail Armor
17:00 Forging
23:13 Castle Age
24:08 Scale Barding Armor
29:35 Gold Mining
29:39 Stone Mining
32:45 Squires
32:31 Gambesons
33:53 Chain Mail Armor
34:15 Iron Casting
35:39 Arson
36:12 Murder Holes
36:40 Ballistics
38:02 Hand Cart
37:33 Town Watch
44:01 Gold Shaft Mining
50:48 Imperial Age
49:29 Horse Collar
53:02 Capped Ram
54:04 Bagains
54:29 Conscription
60:30 Elite Konnik
61:11 Siege Ram
75:49 Stirrups
76:39 Plate Mail Armor
85:34 Blast Furnace
84:55 Chain Barding Armor
84:54 Masonry
84:50 Siege Engineers
85:46 Chemistry
Beto41354
8:40 Loom
11:19 Feudal Age
11:53 Double-Bit Axe
12:42 Champi Runner
14:57 Arson
15:26 Scale Mail Armor
16:43 Forging
24:52 Castle Age
24:58 Stone Mining
25:17 Horse Collar
25:50 Fletching
26:33 Champi Warrior
27:56 Heavy Plow
28:11 Bow Saw
28:32 Pikeman
34:08 Chain Mail Armor
37:36 Gold Mining
37:56 Padded Archer Armor
40:06 Iron Casting
45:21 Leather Archer Armor
51:15 Wheelbarrow
51:50 Gold Shaft Mining
55:45 Imperial Age
53:33 Hand Cart
58:03 Hoardings
59:02 Chemistry
57:57 Elite Champi Warrior
64:25 Plate Mail Armor
71:01 Bodkin Arrow
77:14 Blast Furnace
76:48 Ring Archer Armor
78:00 Masonry
80:33 Stone Shaft Mining
80:29 Crop Rotation
Connection lost

Rejoining the realm…

Still unreachable

The connection could not be restored.

Session expired

The server has moved on; the page needs a fresh start.